Map: Ulzaan

Players

OpuS

  • Race: Protoss Protoss
  • League: Platinum
  • Spawn Location: 1:00

Sketchaphone

  • Race: Zerg Zerg
  • League: Platinum
  • Spawn Location: 3:00

SASQUATCH - Winner!

  • Race: Zerg Zerg
  • League: Gold
  • Spawn Location: 11:00

JSlippery - Winner!

  • Race: Protoss Protoss
  • Spawn Location: 9:00

VOD

Have the link to the VOD?

Description

Time

  • Played on: Feb. 13, 2019, 7:53 p.m.
  • Length: 11:16
Show
View Real Time Build Order
Export as new Build Order

OpuS Protoss 

Build Orders: 1 Gate Expand, Oracle Opening 

Get SALT Encoding   

  12  0:01  Probe  
  13  0:13  Probe  
  14  0:19  Pylon  
  14  0:25  Probe  
  15  0:36  Probe  
  15  0:39  Gateway  
  16  0:44  Probe  
  17  0:53  Assimilator  
  17  0:54  Probe  
  18  1:04  Probe  
  19  1:12  Probe  
  20  1:26  Cybernetics Core  
  20  1:39  Nexus  
  20  2:00  Zealot  
  20  2:01  Forge  
  20  2:02  Pylon  
  21  2:34  Photon Cannon  
  21  2:39  Probe, Stargate  
  22  2:51  Zealot, Probe  
  24  2:52  Warp Gate, Gateway  
  24  2:53  Gateway  
  24  3:02  Photon Cannon  
  24  3:19  Photon Cannon  
  24  3:28  Pylon  
  24  3:32  Probe  
  24  3:40  Probe, Oracle  
  29  4:06  Zealot  
  31  4:24  Twilight Council  
  28  4:39  Pylon  
  28  4:47  Zealot x3  
  32  4:56  Shield Battery  
  32  4:58  Photon Cannon  
  32  5:01  Probe  
  32  5:03  Assimilator  
  33  5:09  Probe  
  34  5:19  Probe  
  34  5:24  Charge  
  35  5:34  Dark Shrine  
  35  5:46  Pylon  
  35  5:56  Gateway  
  35  5:59  Gateway  
  35  6:08  Zealot x3  
  30  6:39  Gateway  
  24  6:48  Dark Templar  
  24  6:49  Dark Templar x2  
  24  6:51  Dark Templar  
  32  7:13  Nexus  
  32  7:18  Pylon  
  32  7:24  Pylon  
  32  7:45  Probe  
  32  7:47  Dark Templar x2  
  32  7:48  Dark Templar  
  39  7:58  Probe  
  40  8:12  Robotics Facility  
  40  8:14  Robotics Facility  
  40  8:22  Zealot x4  
  40  8:26  Probe x2  
  42  8:38  Probe x2  
  44  8:42  Stalker  
  46  8:51  Probe x2  
  48  9:03  Probe  
  48  9:07  Immortal  
  53  9:17  Probe  
  53  9:18  Probe  
  55  9:31  Stalker x2  
  49  9:49  Immortal  
  49  9:50  Stalker x2  
  55  9:57  Immortal  
  51  10:04  Probe  
  51  10:06  Probe  
  57  10:14  Zealot x2  
  57  10:19  Zealot  
  63  10:25  Zealot  
  63  10:26  Zealot  
  67  10:30  Pylon  
  67  10:33  Probe  
  67  10:34  Probe  
  69  10:45  Pylon  
  69  10:46  Assimilator  
  69  10:50  Assimilator  
  65  11:08  Stalker x4  
  65  11:09  Stalker  
Show
View Real Time Build Order
Export as new Build Order

Sketchaphone Zerg 

Build Orders: Hatch First 

Get SALT Encoding   

  12  0:03  Drone  
  13  0:12  Overlord  
  13  0:18  Drone  
  14  0:30  Drone x2  
  17  0:35  Drone  
  17  1:00  Hatchery, Drone  
  17  1:15  Spawning Pool  
  17  1:17  Extractor  
  15  1:19  Drone  
  16  1:26  Drone  
  16  1:27  Drone  
  16  1:31  Drone  
  19  1:53  Overlord  
  19  2:09  Spine Crawler  
  19  2:10  Zergling x2  
  19  2:11  Spine Crawler  
  18  2:18  Zergling x6  
  18  2:57  Zergling x12  
  23  3:07  Spine Crawler x2  
  23  3:12  Zergling x4  
  5  4:09  Hatchery  
Show
View Real Time Build Order
Export as new Build Order

SASQUATCH Zerg - Winner!

Build Orders: Pool First 

Get SALT Encoding   

  12  0:20  Spawning Pool  
  11  0:25  Extractor  
  11  0:26  Drone  
  11  0:30  Drone  
  12  0:35  Drone  
  13  0:50  Overlord  
  13  0:55  Overlord  
  13  1:10  Queen  
  15  1:18  Zergling x2  
  16  1:21  Zergling x2  
  17  1:34  Metabolic Boost  
  17  1:37  Zergling x2  
  18  1:43  Zergling x2  
  19  1:55  Zergling x4  
  21  2:26  Zergling x10  
  26  2:32  Zergling x2  
  27  2:39  Lair  
  24  3:39  Zergling x8  
  24  3:40  Zergling x2  
  29  3:44  Spire  
  28  4:26  Zergling x4  
  30  4:45  Overlord  
  26  5:53  Drone x3  
  26  5:54  Drone x5  
  26  5:55  Drone  
  35  5:57  Extractor  
  34  6:12  Hatchery  
  33  7:03  Drone  
  33  7:04  Drone  
  33  7:05  Drone  
  33  7:06  Overlord  
  36  7:28  Drone  
  37  7:44  Overseer x2  
  34  8:32  Hatchery  
  33  9:11  Overlord  
  33  9:12  Mutalisk  
  33  9:13  Mutalisk x5  
  33  9:15  Overlord x3  
  33  9:16  Overlord  
  36  10:11  Mutalisk x2  
  36  10:12  Mutalisk x6  
  52  10:21  Extractor  
  51  10:23  Extractor  
  50  10:34  Mutalisk x6  
  62  10:36  Mutalisk x3  
Show
View Real Time Build Order
Export as new Build Order

JSlippery Protoss - Winner!

Build Orders:  

Get SALT Encoding   

  12  0:01  Probe  
  13  0:13  Probe  
  14  0:24  Pylon  
  14  0:25  Probe  
  15  0:42  Probe  
  16  0:43  Forge  
  16  0:54  Probe  
  17  1:03  Probe  
  18  1:12  Probe  
  18  1:14  Pylon  
  19  1:20  Probe  
  20  1:33  Photon Cannon  
  20  1:35  Photon Cannon  
  20  2:00  Pylon x2  
  20  2:23  Photon Cannon  
  20  2:24  Photon Cannon  
  20  2:26  Photon Cannon  
  20  2:35  Photon Cannon  
  20  2:38  Photon Cannon  
  20  2:39  Photon Cannon  
  20  2:48  Pylon  
  20  3:16  Pylon  
  20  3:18  Pylon  
  20  3:20  Pylon, Probe  
  20  3:28  Probe  
  20  3:31  Assimilator  
  21  3:35  Assimilator  
  21  3:36  Probe  
  22  3:41  Gateway  
  22  3:45  Pylon  
  22  3:48  Probe  
  23  4:00  Probe  
  24  4:08  Photon Cannon  
  24  4:23  Probe  
  24  4:31  Probe  
  25  4:35  Pylon  
  26  4:42  Probe  
  26  4:50  Probe  
  26  4:51  Nexus  
  28  5:00  Probe  
  29  5:12  Probe  
  30  5:19  Cybernetics Core  
  30  5:24  Probe  
  31  5:36  Probe  
  31  5:38  Pylon  
  31  5:40  Photon Cannon  
  32  5:43  Photon Cannon  
  32  5:45  Stalker  
  32  5:48  Probe  
  33  5:51  Nexus  
  35  6:06  Photon Cannon  
  35  6:13  Assimilator  
  35  6:20  Assimilator  
  35  6:36  Probe  
  35  6:38  Warp Gate  
  36  6:44  Pylon  
  36  6:50  Stalker  
  38  6:57  Probe x2  
  40  7:06  Probe  
  40  7:09  Probe  
  40  7:10  Probe  
  40  7:12  Pylon  
  40  7:15  Probe  
  43  7:17  Probe  
  43  7:18  Probe  
  43  7:19  Stalker, Assimilator  
  43  7:22  Assimilator  
  48  7:38  Gateway  
  48  7:40  Gateway  
  48  7:41  Gateway x2  
  42  7:45  Pylon  
  42  7:48  Pylon  
  42  7:50  Pylon  
  42  7:57  Photon Cannon  
  41  8:04  Photon Cannon x2  
  41  8:05  Pylon  
  41  8:14  Gateway  
  41  8:16  Pylon  
  41  8:18  Pylon  
  41  8:40  Probe  
  41  8:44  Photon Cannon x2  
  42  8:49  Probe  
  43  8:58  Photon Cannon, Probe  
  43  8:59  Probe  
  43  9:00  Probe, Photon Cannon  
  44  9:08  Probe x2  
  46  9:11  Probe  
  49  9:23  Probe  
  50  9:27  Twilight Council  
  50  9:28  Stalker x3  
  56  9:35  Probe  
  57  9:47  Probe  
  58  9:53  Probe  
  59  10:14  Stargate  
  59  10:15  Stargate  
  59  10:16  Stargate  
  59  10:19  Probe  
  60  10:33  Stalker x4  
  60  10:34  Stalker x2  
  72  10:53  Pylon  
Tags
 
Add a new tag
Caveats
  • Supply blocks, unpowered buildings, or Contaminate may cause inaccurate times.
  • Supply counts are checked every 10 seconds.